 Dungeon Crawl Stone Soup version 0.25-a0-940-gc6eaff51cc (webtiles) character file.

Game seed: 1226127454560706038, levelgen mode: deterministic

366 sanka the Chiller (level 6, 0/41 HPs)
             Began as a Barachi Ice Elementalist on May 5, 2020.
             Slain by a human zombie (6 damage)
             ... in an ossuary.
             The game lasted 00:09:03 (4341 turns).

sanka the Chiller (Barachi Ice Elementalist)        Turns: 4341, Time: 00:09:04

Health: 0/41       AC: 11    Str: 10    XL:     6   Next: 68%
Magic:  10/21      EV: 12    Int: 17    God:
Gold:   238        SH:  0    Dex: 12    Spells: 2/13 levels left

rFire    . . .     SeeInvis .   b - +2 hand axe (vorpal)
rCold    . . .     Gourm    +   (no shield)
rNeg     . . .     Faith    .   x - +1 animal skin
rPois    .         Spirit   .   y - +0 helmet
rElec    .         Reflect  .   (no cloak)
rCorr    .         Harm     .   h - +0 pair of gloves
MR       .....                  (no boots)
Stlth    ++........             z - amulet of the gourmand
HPRegen  0.13/turn              v - ring of magical power
MPRegen  0.17/turn              (no ring)

@: icy armour, slow
A: +LOS, swims, slowness 1, strong legs 1
a: Hop


You were in an ossuary.
You were very full.

You visited 1 branch of the dungeon, and saw 4 of its levels.
You also visited: Ossuary.

You collected 238 gold pieces.


Innate Abilities, Weirdness & Mutations

You can be seen from farther away. (+LOS)
You can swim through water.
You cover ground slowly.
You can hop short distances.


   Skills:
 - Level 2.1 Dodging
 - Level 1.7 Stealth
 - Level 4.0 Spellcasting
 + Level 3.5 Summonings
 + Level 7.4 Ice Magic


You had 2 spell levels left.
You knew the following spells:

 Your Spells              Type           Power        Failure   Level  Hunger
a - Ozocubu's Armour      Chrm/Ice       ###.....     11%         3    ###....
x - Summon Ice Beast      Ice/Summ       ###.....     16%         4    ####...
y - Frozen Ramparts       Ice            ####..       2%          3    ###....
z - Freeze                Ice            ####         1%          1    None

Your spell library contained the following spells:

 Spells                   Type           Power        Failure   Level  Hunger
 Shock                    Conj/Air       #...         16%         1    None
 Swiftness                Chrm/Air       #.......     24%         2    ##.....
 Hailstorm                Conj/Ice       ###.....     34%         4    ####...
 Static Discharge         Conj/Air       #.......     43%         3    ###....
 Airstrike                Air            #.........   83%         4    ####...
 Lightning Bolt           Conj/Air       #.........   99%         5    ######.

Inventory:

Hand Weapons
 a - a +0 hunting sling
 b - a +2 vorpal hand axe (weapon)
Missiles
 r - 70 sling bullets
 s - 22 poisoned darts (quivered)
 E - 91 stones
Armour
 h - a +0 pair of gloves (worn)
 x - a +1 animal skin (worn)
 y - a +0 helmet (worn)
Magical Staves
 D - an uncursed staff of cold {unknown}
Jewellery
 k - an uncursed amulet of guardian spirit
 v - a ring of magical power (left hand)
 z - an amulet of the gourmand (around neck)
Wands
 F - a wand of scattershot (5)
Scrolls
 d - 3 scrolls of amnesia {unknown}
 g - 3 scrolls of teleportation {unknown}
 m - 3 scrolls of identify {unknown}
 p - a scroll of noise {unknown}
 t - a scroll of remove curse {unknown}
 w - a scroll of fear {unknown}
 A - a scroll of fog {unknown}
 B - 2 scrolls of magic mapping {unknown}
Potions
 e - a potion of degeneration {unknown}
 f - 3 potions of lignification {unknown}
 i - 4 potions of heal wounds {unknown}
 j - 2 potions of invisibility {unknown}
 l - a potion of haste {unknown}
 n - 2 potions of curing {unknown}
 o - a potion of resistance {unknown}
 q - a potion of stabbing {unknown}
 u - 4 potions of might
 C - a potion of flight {unknown}
 G - a potion of magic {unknown}
Comestibles
 c - 7 rations

Dungeon Overview and Level Annotations

Branches:
Dungeon (4/15)            Ossuary (1/1)
 Temple: D:4-7

Altars:
Dithmenos

▒▒▒▒▒▒▒▒▒▒▒▒▒▒▒▒▒▒▒▒
▒.........∩∩........
▒...................
▒...▒▒▒▒▒▒▒▒▒▒▒▒▒▒..
▒..F▒ ▒.. ▒..Z▒ ▒..
▒..Y▒ ▒.. ▒.ZZ▒
▒.∩.... ▒.. ▒...▒
▒..... ▒.. ▒..M▒
▒.... ▒.. ▒...▒
▒▒.... ▒.. ▒...▒
.... ▒.. ▒...▒ ▒^^▒
▒..


You could see a mummy, a kobold zombie, a big kobold zombie, a human zombie and
a friendly ice beast.


Message History

You hit the human zombie.
The human zombie is moderately damaged.
The human zombie closely misses you.
You hit the human zombie.
The human zombie is heavily damaged.
The human zombie hits you but does no damage.
You slash the human zombie!
The human zombie is heavily damaged.
You are ready to hop once more.
The human zombie hits you but does no damage.
You barely miss the human zombie.
The human zombie is heavily damaged.
The human zombie hits you.
* * * LOW HITPOINT WARNING * * *
Your ice beast hits the human zombie.
Your ice beast freezes the human zombie.
The human zombie resists.
You hit the human zombie.
The human zombie is severely damaged.
Your ice beast hits the human zombie.
Your ice beast freezes the human zombie.
The human zombie resists.
The human zombie hits your ice beast but does no damage.
You closely miss the human zombie.
The human zombie is almost destroyed.
Your ice beast hits the human zombie.
Your ice beast freezes the human zombie.
The human zombie resists.
The human zombie hits you.
You die...

Action                   |  1- 3 |  4- 6 || total
-------------------------+-------+-------++-------
Melee: Unarmed           |    16 |       ||    16
       Hand axe          |     6 |    71 ||    77
 Fire: Hunting sling     |       |    44 ||    44
 Cast: Freeze            |    53 |    42 ||    95
       Frozen Ramparts   |       |     9 ||     9
       Ozocubu's Armour  |       |     6 ||     6
       Summon Ice Beast  |       |     2 ||     2
 Abil: Hop               |       |     1 ||     1
  Eat: Chunk             |     3 |    20 ||    23
Armor: Robe              |    17 |     3 ||    20
       Animal skin       |       |    21 ||    21
Dodge: Dodged            |    45 |    57 ||   102

Levels and vault maps discovered:
D:1:      giann_bridges, layout_basic
D:2:      layout_loops_ring, first_ration, uniq_robin, uniq_terence
D:3:      layout_loops_cross, marbit_many_paths
D:4:      layout_loops_ring, nicolae_ossuary_entry_giza
Ossuary:  ossuary_tomb_1

Notes
Turn   | Place    | Note
-------+----------+-------------------------------------------
     0 | D:1      | sanka the Barachi Ice Elementalist began the quest for the
                  | Orb.
     0 | D:1      | Reached XP level 1. HP: 13/13 MP: 3/3
   215 | D:1      | Reached skill level 5 in Ice Magic
   277 | D:1      | Reached XP level 2. HP: 19/19 MP: 1/5
   958 | D:1      | Reached XP level 3. HP: 20/24 MP: 1/7
  1021 | D:1      | Learned a level 3 spell: Frozen Ramparts
  1025 | D:1      | Learned a level 3 spell: Ozocubu's Armour
  1218 | D:2      | Reached skill level 3 in Spellcasting
  1573 | D:2      | Reached XP level 4. HP: 30/30 MP: 7/9
  1904 | D:2      | Noticed Terence
  1908 | D:2      | Killed Terence
  1908 | D:2      | Reached skill level 6 in Ice Magic
  2207 | D:2      | Noticed Robin
  2229 | D:2      | Killed Robin
  2236 | D:2      | Reached XP level 5. HP: 18/35 MP: 0/10
  2514 | D:2      | Reached skill level 4 in Spellcasting
  2570 | D:2      | Learned a level 4 spell: Summon Ice Beast
  3151 | D:3      | Reached skill level 1 in Summonings
  3249 | D:3      | Found a shadowy altar of Dithmenos.
  3959 | D:4      | Reached skill level 2 in Summonings
  4028 | D:4      | Reached skill level 7 in Ice Magic
  4028 | D:4      | Reached XP level 6. HP: 41/41 MP: 12/12
  4060 | D:4      | Found a sand-covered staircase.
  4068 | D:4      | Reached skill level 3 in Summonings
  4071 | Ossuary  | Entered an ossuary
  4341 | Ossuary  | Slain by a human zombie

Vanquished Creatures
  A centaur zombie (Ossuary)
  A hound (D:4)
  An orc priest (D:4)
  Terence (D:2)
  A worker ant (D:4)
  A mummy (D:4)
  Robin (D:2)
  5 adders
  An ooze (D:4)
  3 dart slugs
  4 worms
  2 leopard geckos (D:2)
  6 orcs
  A ball python (D:2)
  3 giant cockroaches
  9 goblins
  10 hobgoblins
  9 jackals
  7 kobolds
  2 quokkas (D:2)
  6 bats
  7 frilled lizards
  6 hobgoblin zombies (Ossuary)
  A jackal skeleton (D:4)
  8 kobold zombies (Ossuary)
  8 orc zombies
  10 rats
  A rat zombie (Ossuary)
116 creatures vanquished.

Vanquished Creatures (collateral kills)
  A big kobold zombie (Ossuary)
  A mummy (Ossuary)
  A goblin zombie (Ossuary)
  A hobgoblin zombie (Ossuary)
  A kobold zombie (Ossuary)
  An orc zombie (Ossuary)
6 creatures vanquished.

Grand Total: 122 creatures vanquished
